 Dungeon Crawl Stone Soup version 0.28.0-43-g3370ac3207 (webtiles) character file.

Game seed: 9733876562890091860

4780 pkoi the Placeless Spriggan (level 10, -6/44 HPs)
             Began as a Spriggan Conjurer on Mar 21, 2022.
             Was an Initiate of Sif Muna.
             Killed from afar by a steam dragon (18 damage)
             ... with a ball of steam
             ... on level 8 of the Dungeon.
             The game lasted 00:20:55 (16182 turns).

pkoi the Placeless Spriggan (Spriggan Conjurer)    Turns: 16182, Time: 00:20:55

Health: -6/44      AC:  3    Str:  3    XL:     10   Next: 23%
Magic:  14/24      EV: 17    Int: 25    God:    Sif Muna [......]
Gold:   507        SH:  0    Dex: 13    Spells: 15/27 levels left

rFire   . . .      SeeInvis +   i - +2 short sword (flame)
rCold   . . .      Faith    .   (no shield)
rNeg    . . .      Spirit   .   a - +1 robe
rPois   .          Reflect  .   (helmet restricted)
rElec   .          Harm     .   d - scarf {repulsion}
rCorr   .          Rampage  .   (gloves unavailable)
Will    +....                   (boots unavailable)
Stlth   ++++......              (no amulet)
HPRegen 0.14/turn               (no ring)
MPRegen 0.19/turn               (no ring)

@: very slightly contaminated, repel missiles, very quick
A: very small, no large weapons, unfitting armour, see invisible, speed 3
a: Renounce Religion


You were on level 8 of the Dungeon.
You worshipped Sif Muna.
Sif Muna was noncommittal.
You visited 2 branches of the dungeon, and saw 10 of its levels.
You also visited: Sewer.

You collected 507 gold pieces.

Inventory:

Hand Weapons
 c - a +0 dagger
 i - a +2 short sword of flaming (weapon)
 m - a +2 dagger of flaming
Armour
 a - a +1 robe (worn)
 d - a scarf of repulsion (worn)
 z - a +0 troll leather armour
Jewellery
 h - a ring of magical power
 v - a ring of protection from fire
Wands
 s - a wand of polymorph (3)
 x - a wand of acid (9)
 B - a wand of mindburst (5)
Scrolls
 k - a scroll of enchant weapon
 l - a scroll of vulnerability
 p - 2 scrolls of blinking
 t - 4 scrolls of amnesia {unknown}
 y - a scroll of teleportation {unknown}
 A - 3 scrolls of identify
Potions
 b - a potion of degeneration {unknown}
 e - a potion of flight
 f - 3 potions of might
 g - a potion of magic
 j - 6 potions of curing {unknown}
 n - a potion of brilliance
 o - a potion of resistance {unknown}
 q - 2 potions of invisibility {unknown}
 r - 3 potions of lignification {unknown}
 u - a potion of heal wounds
 w - a potion of haste {unknown}


   Skills:
 - Level 2.6 Dodging
 - Level 9.0 Stealth
 + Level 9.4 Spellcasting
 - Level 5.0 Conjurations
 + Level 8.1 Hexes
 + Level 9.6 Translocations
 - Level 3.0 Invocations
 + Level 3.7 Evocations


You had 15 spell levels left.
You knew the following spells:

 Your Spells              Type           Power      Damage    Failure   Level
a - Magic Dart            Conj           100%       1d8       1%          1
b - Searing Ray           Conj           74%        2d7       1%          2
c - Fulminant Prism       Conj/Hex       22%        3d13      3%          4
d - Iskenderun's Mystic   Conj/Tloc      48%        2d11      2%          4
e - Apportation           Tloc           100%       N/A       1%          1

Your spell library contained the following spells:

 Spells                   Type           Power      Damage    Failure   Level
 Dazzling Flash           Conj/Hex       88%        N/A       1%          3
 Static Discharge         Conj/Air       24%        N/A       2%          2
 Animate Skeleton         Necr           22%        N/A       5%          1
 Pain                     Necr           44%        1d6       5%          1
 Summon Small Mammal      Summ           44%        N/A       5%          1
 Ozocubu's Armour         Ice            11%        N/A       16%         3
 Vampiric Draining        Necr           11%        2d6       16%         3
 Sticky Flame             Conj/Fire      24%        2d5       19%         4
 Silence                  Hex/Air        16%        N/A       26%         5
 Summon Mana Viper        Hex/Summ       32%        N/A       26%         5
 Dispel Undead            Necr           11%        3d9       45%         4
 Summon Ice Beast         Ice/Summ       11%        N/A       45%         4
 Lightning Bolt           Conj/Air       12%        1d25      45%         5
 Agony                    Necr           11%        N/A       82%         5
 Monstrous Menagerie      Summ           5%         N/A       100%        7
 Ozocubu's Refrigeration  Ice            5%         4d6       100%        7
 Maxwell's Capacitive Co  Air            5%         ∞         100%        8


Dungeon Overview and Level Annotations

Branches:
Dungeon (9/15)             Temple (1/1) D:7           Sewer (visited)
   Lair: D:8-11         Orc: D:9-12

Altars:
Ashenzari
Cheibriados
Dithmenos
Elyvilon
Fedhas
Gozag
Hepliaklqana
Kikubaaqudgha
Makhleb
Nemelex Xobeh
Okawaru
Qazlal
Ru
Sif Muna
Trog
Uskayaw
Vehumet
Wu Jian
Xom
Yredelemnul
Zin
The Shining One

Shops:
D:4 :   D:6 =(

Annotations:
D:3 2 runed translucent doors, Icepheonix32's ghost, amateur DsFi
D:8 Joseph


Innate Abilities, Weirdness & Mutations

You are very small and have problems with some larger weapons.
You are too small for most types of armour.
You have supernaturally acute eyesight. (SInv)
You cover ground extremely quickly. (Speed+++)


Message History

The orc is severely wounded.
The orc misses you.
The magic dart hits the orc.
You kill the orc!
Sif Muna accepts your kill.
The magic dart hits the howler monkey but does no damage.
The magic dart hits the howler monkey!
The howler monkey is heavily wounded.
The howler monkey hoots and howls with incredible vigour!
You hear an angry hiss.
You hear a shout!
You hear a loud, deep croak!
Casting: Magic Dart (safe; 1% risk of failure)
Confirm with . or Enter, or press ? or * to list all spells.
You erupt in a blast of force!
The mystic blast hits the howler monkey!
You kill the howler monkey!
Sif Muna accepts your kill.
Unknown command.
You start resting.
A steam dragon is nearby!
A steam dragon is nearby!
The steam dragon hisses angrily.
Casting: Iskenderun's Mystic Blast (dangerous; 2% risk of failure)
Confirm with . or Enter, or press ? or * to list all spells.
You can't see any susceptible monsters within range! (Use Z to cast anyway.) Unknown command.
The steam dragon breathes steam at you. The ball of steam hits you!
* * * LOW HITPOINT WARNING * * *
Casting: Iskenderun's Mystic Blast (dangerous; 2% risk of failure)
Confirm with . or Enter, or press ? or * to list all spells.
You miscast Iskenderun's Mystic Blast.
You are very lightly contaminated with residual magic.
Nothing appears to happen.
You are engulfed in a cloud of scalding steam.
* * * LOW HITPOINT WARNING * * *
You are engulfed in a cloud of scalding steam.
* * * LOW HITPOINT WARNING * * *
The steam dragon breathes steam at you. The ball of steam hits you!!
You die...

#. ###
#.#######.#.#
#.#...)...#.##
#.#.#####.#...
#.#......<#..
#.##......#..
#..'....(.#.####
#..#......#....####
#..######@#§......#
#..#### #§§§.......
#....)# ###D.......
#...#)# #.###.###
#.$.# # #.# ..
#...# #.# .. ....#
#.# . ####.# #..
... ..


You could see a steam dragon (catching breath).

Vanquished Creatures
  2 two-headed ogres
  A troll (D:6)
  A vampire (D:9)
  2 wyverns (D:8)
  2 steam dragons
  Menkaure (D:6)
  2 ice beasts
  An orc warrior (D:7)
  2 necrophages (D:6)
  An ogre (D:3)
  2 centaurs
  2 phantoms (D:5)
  6 kobold brigands
  4 bullfrogs
  A scorpion (D:7)
  A water moccasin zombie (D:5)
  A water moccasin skeleton (D:7)
  3 wights (D:9)
  2 howler monkeys
  A bullfrog zombie (D:6)
  A centaur zombie (D:8)
  A jelly (D:5)
  2 hounds
  A centaur skeleton (D:7)
  A gnoll shaman (D:5)
  2 orc priests
  2 bullfrog skeletons
  4 iguanas
  4 river rats (Sewer)
  7 adders
  6 gnolls
  An ufetubus (D:4)
  2 adder skeletons
  4 worms
  3 dart slugs
  16 orcs
  8 endoplasms
  4 giant cockroaches
  6 hobgoblins
  30 kobolds
  2 quokkas (D:1)
  10 ball pythons
  3 bats
  2 frilled lizards
  8 goblins
  20 rats
188 creatures vanquished.

Vanquished Creatures (others)
  10 fulminant prisms
10 creatures vanquished.

Grand Total: 198 creatures vanquished

Notes
Turn   | Place    | Note
-------+----------+-------------------------------------------
     0 | D:1      | pkoi the Spriggan Conjurer began the quest for the Orb.
     0 | D:1      | Reached XP level 1. HP: 9/9 MP: 5/5
   296 | D:1      | Found a faded altar of an unknown god.
   367 | D:1      | Reached XP level 2. HP: 13/13 MP: 0/7
  1656 | D:2      | Reached XP level 3. HP: 16/16 MP: 3/8
  2536 | D:3      | Noticed an ogre
  2561 | D:3      | Killed an ogre
  2562 | D:3      | Reached XP level 4. HP: 21/21 MP: 1/11
  2562 | D:3      | Reached XP level 5. HP: 24/24 MP: 1/12
  2754 | D:2      | Learned a level 2 spell: Searing Ray
  2759 | D:2      | Learned a level 4 spell: Fulminant Prism
  2764 | D:2      | Learned a level 4 spell: Iskenderun's Mystic Blast
  3165 | D:3      | Found a large runed translucent door.
  3165 | D:3      | Found a large runed translucent door.
  3170 | D:3      | Noticed Icepheonix32's ghost (amateur DsFi)
  3243 | D:3      | Reached skill level 1 in Hexes
  3243 | D:3      | Reached skill level 1 in Translocations
  4091 | D:4      | Found Kercheenu's Book Boutique.
  4111 | D:4      | Found a glowing drain.
  4122 | Sewer    | Entered a sewer
  4624 | Sewer    | Reached XP level 6. HP: 28/28 MP: 7/14
  5634 | D:4      | Reached skill level 5 in Spellcasting
  6424 | D:5      | Entered Level 5 of the Dungeon
  6942 | D:5      | Reached XP level 7. HP: 32/32 MP: 3/16
  7793 | D:5      | Reached skill level 5 in Conjurations
  8445 | D:5      | Reached skill level 5 in Stealth
  8853 | D:5      | Found a blossoming altar of Fedhas.
  9744 | D:6      | Found Sigoken's Jewellery Boutique.
  9773 | D:6      | Reached skill level 5 in Translocations
  9773 | D:6      | Reached XP level 8. HP: 36/36 MP: 13/18
  9965 | D:6      | Noticed a troll
 10047 | D:6      | Noticed Menkaure
 10118 | D:6      | Killed Menkaure
 10582 | D:6      | You fall into a shaft and drop 3 floors!
 10630 | D:9      | Noticed a two-headed ogre
 10668 | D:9      | Killed a two-headed ogre
 10669 | D:9      | Reached skill level 5 in Hexes
 11062 | D:9      | Reached XP level 9. HP: 32/39 MP: 10/21
 12041 | D:7      | Found a staircase to the Ecumenical Temple.
 12130 | Temple   | Entered the Ecumenical Temple
 12539 | Temple   | Became a worshipper of Sif Muna the Loreminder
 12929 | D:6      | Reached skill level 1 in Invocations
 13523 | D:6      | Found Mejuom's Weapon Boutique.
 13594 | D:6      | Killed a troll
 13811 | D:6      | Learned a level 1 spell: Apportation
 14425 | D:7      | Identified the +8 halberd of Defence by Offence {holy,
                  | rPois rF- Dex+3 SInv}
 14495 | D:7      | Reached skill level 1 in Evocations
 15525 | D:8      | Noticed a two-headed ogre
 15564 | D:8      | Reached XP level 10. HP: 10/44 MP: 18/23
 15564 | D:8      | Killed a two-headed ogre
 15965 | D:8      | Noticed Joseph
 16182 | D:8      | Killed from afar by a steam dragon

Illustrated notes

Levels and vault maps discovered:
D:1:      zelgadis_glass_arrival_small, layout_loops_ring,
          hellmonk_ecumenical_altar_zigzags, minmay_misc_feat_rows,
          corexii_item_surrounded_by_moat
D:2:      layout_basic
D:3:      layout_loops_ring, ebering_ghost_disaster_area
D:4:      layout_cave_pools, serial_shops, shop, serial_park, serial_park_paths
          [serial_park_minivault_5x5_5], serial_park_square2,
          serial_park_square2, cheibrodos_sewer_entry_drain, hex_tiny,
          grunt_ministairs_15, chequers_arboretum,
          chequers_serial_rivers_small_b, uniq_crazy_yiuf_cottage
D:5:      layout_basic, fedhas_altar_1
D:6:      layout_loops_ring, serial_shops, nicolae_shop_bloodbath_and_beyond,
          nicolae_inconvenience_store, uniq_menkaure
D:7:      layout_loops_ring, temple_pool_b
D:8:      minmay_recursive_quarters, layout_basic, nicolae_figureground_pulse,
          uniq_grum, uniq_joseph
D:9:      layout_roguey, uniq_gastronok
Temple:   roderic_octagonal_lattice_temple

Skill      XL: |  1  2  3  4  5  6  7  8  9 10 |
---------------+-------------------------------+-----
Conjurations   | 3 4 5 |  5.0
Spellcasting   | 3 4 5 6 7 8 9 |  9.4
Hexes          | 1 2 4 6 7 8 |  8.1
Translocations | 2 3 5 7 9 |  9.6
Stealth        | 5 8 9 |  9.0
Invocations    | 2 3 |  3.0
Evocations     | 2 3 |  3.7
Dodging        | |  2.6

Action                   |  1- 3 |  4- 6 |  7- 9 | 10-12 || total
-------------------------+-------+-------+-------+-------++-------
Melee: Dagger            |     5 |       |       |       ||     5
       Short sword       |       |       |     3 |       ||     3
 Cast: Magic Dart        |    85 |   194 |   180 |     6 ||   465
       Searing Ray       |       |     3 |    40 |       ||    43
       Iskenderun's Myst |       |       |    23 |    13 ||    36
       Fulminant Prism   |       |       |    10 |       ||    10
  Use: Scroll            |       |     3 |     7 |       ||    10
       Potion            |       |       |     1 |       ||     1
 Stab: Sleeping          |       |       |     1 |       ||     1
Armor: Robe              |     3 |     1 |     1 |       ||     5
Dodge: Dodged            |    16 |     7 |    48 |     2 ||    73
